 Dungeon Crawl Stone Soup version 0.27.1-4-g1640c2035a (webtiles) character file.

Game seed: 14796498639593249122

5275 deusastra the Fighter (level 10, -18/94 HPs)
             Began as a Minotaur Fighter on Nov 16, 2021.
             Was an Initiate of Gozag.
             Demolished by a phantasmal warrior (21 damage)
             ... on level 1 of the Abyss.
             The game lasted 00:46:19 (11537 turns).

deusastra the Fighter (Minotaur Fighter)           Turns: 11537, Time: 00:46:19

Health: -18/94     AC: 21    Str: 29    XL:     10   Next: 36%
Magic:  7/7        EV:  7    Int:  1    God:    Gozag
Gold:   1405       SH: 12    Dex: 11    Spells: 9/9 levels left

rFire    . . .     SeeInvis .   a - +0 long sword
rCold    . . .     Faith    .   c - +0 kite shield
rNeg     . . .     Spirit   .   m - +3 chain mail {rPois}
rPois    +         Reflect  .   (helmet restricted)
rElec    .         Harm     .   (no cloak)
rCorr    .         Rampage  .   u - +1 pair of gloves
Will     .....     Rnd*Rage +   (no boots)
Stlth    ..........             (no amulet)
HPRegen  0.25/turn              f - +6 ring of strength
MPRegen  0.10/turn              s - +4 ring of protection

@: lethally poisoned (-18 -> -20), unable to read, flying
A: horns 2, retaliatory headbutt, [berserk 3], [deterioration 2], [dopey 2],
[low mp 2], [inability to read while threatened]
a: Renounce Religion, Potion Petition, Call Merchant, Bribe Branch


You were on level 1 of the Abyss.
You worshipped Gozag.
Gozag was most pleased with you.
You visited 2 branches of the dungeon, and saw 13 of its levels.
You visited the Abyss 1 time.

You collected 1445 gold pieces.
You paid 40 gold pieces to Gozag.

Inventory:

Hand Weapons
 a - a +0 long sword (weapon)
 e - a +0 falchion
 v - a +3 great sword
Missiles
 i - 313 stones (quivered)
 r - a throwing net
 C - 16 poisoned darts
Armour
 b - a +0 scale mail
 c - a +0 kite shield (worn)
 h - a +0 pair of gloves
 m - a +3 chain mail of poison resistance (worn)
 u - a +1 pair of gloves (worn)
 w - +0 steam dragon scales
 x - a +0 scale mail of fire resistance
Jewellery
 f - a +6 ring of strength (left hand)
 s - a +4 ring of protection (right hand)
 B - a +6 ring of strength
Wands
 j - a wand of digging (4)
 y - a wand of flame (20)
Scrolls
 d - a scroll of noise
 k - a scroll of identify
 l - 2 scrolls of immolation
 o - a scroll of holy word
 t - a scroll of enchant weapon
 D - a scroll of teleportation {unknown}
Potions
 g - a potion of heal wounds
 n - a potion of brilliance {unknown}
 p - a potion of curing
 z - a potion of cancellation {unknown}
 A - 2 potions of haste {unknown}


   Skills:
 * Level 10.5 Fighting
 * Level 10.1 Long Blades
 * Level 10.5 Armour
 + Level 7.9 Shields


You had 9 spell levels left.
You didn't know any spells.
Your spell library contained the following spells:

 Spells                   Type           Power      Damage    Failure   Level
 Iskenderun's Battlesphe  Conj           0%         2d6       100%        5
 Iron Shot                Conj/Erth      0%         9d1       100%        6
 Spellforged Servitor     Conj/Summ      0%         N/A       100%        7


Dungeon Overview and Level Annotations

Branches:
Dungeon (12/15)            Temple (1/1) D:4
   Lair: D:8-11         Orc: D:9-12

Altars:
Ashenzari
Cheibriados
Dithmenos
Elyvilon
Fedhas
Gozag
Hepliaklqana
Kikubaaqudgha
Makhleb
Nemelex Xobeh
Okawaru
Qazlal
Ru
Sif Muna
Trog
Uskayaw
Vehumet
Wu Jian
Xom
Yredelemnul
Zin
The Shining One

Shops:
D:2 =   D:11 !

Portals:
Trove: D:10 (give 5 scrolls of fog)

Annotations:
D:10 1 runed translucent door, 1 exclusion
D:11 Grum


Innate Abilities, Weirdness & Mutations

You have a pair of horns on your head.
You reflexively headbutt those who attack you in melee.
[You have an uncontrollable temper.]
[Your body often deteriorates upon taking damage.]
[You are very dopey. (Int -4)]
[Your magical capacity is very low. (-20% MP)]
[You sometimes lose the ability to read scrolls when taking damage.]


Message History

The wretched star glows turbulently.
The lance of force hits you!
* * * LOW HITPOINT WARNING * * *
You are knocked back by the lance of force.
You slam into the rock wall!
The green death gestures at you. The bolt of poison hits you.
You are poisoned.
You resist.
* * * LOW HITPOINT WARNING * * *
You feel very sick.
You feel very sick.
You feel sick.
The phantasmal warrior blinks!
The wretched star pulses with an eldritch light!
You feel yourself wasting away.
You feel your body start to fall apart.
You feel sick.
You feel much better.
You feel sick.
The phantasmal warrior blinks!
The green death hits you.
* * * LOW HITPOINT WARNING * * *
You feel sick.
The wretched star pulses with an eldritch light!
You feel less energetic. x2
The phantasmal warrior hits you!!
* * * LOW HITPOINT WARNING * * *
You feel very buoyant.
You fly up into the air.
* * * LOW HITPOINT WARNING * * *
You feel sick.
The wretched star pulses with an eldritch light!
You feel a little pissed off.
You feel angry.
The phantasmal warrior hits you but does no damage.
The green death barely misses you.
The wretched star pulses with an eldritch light!
You feel extremely angry at everything!
You lose the ability to read scrolls when threatened.
* * * LOW HITPOINT WARNING * * *
You feel sick. The phantasmal warrior hits you!!
You feel threatened and lose the ability to read scrolls!
You die...
Your body crumbles into a pile of gold.

..#...#..#..##
#.##.#.......#
### # ..#.......#
#. #.##.#..#*..#
.#.§
##.#.§#....## ..
# #.....*###..#
..
.##..#...##2.##.#
.##...###
#....W.#.# .#..
## ###.@### .
.W#### #....# ##
##..# ###.## .#.
. . ## .. .# #.


You could see a green death, a wretched star and a phantasmal warrior.

Vanquished Creatures
  A two-headed ogre (D:10)
  Maggie (D:8)
  2 wyverns
  A wraith (D:10)
  A shadow (D:10)
  A water moccasin (D:6)
  2 ice beasts
  A sky beast (D:5)
  A black bear (D:7)
  2 orc warriors (D:7)
  3 necrophages
  4 wolves
  2 centaurs
  2 kobold brigands
  3 bullfrogs
  Blork the orc (D:5)
  A gnoll sergeant (D:6)
  2 scorpions
  2 water moccasin zombies
  9 wights
  3 howler monkeys (D:7)
  3 centaur zombies
  2 bullfrog zombies
  4 hounds
  A centaur skeleton (D:7)
  3 orc priests
  Ijyb (D:3)
  6 orc wizards
  2 killer bee zombies
  2 hound zombies (D:5)
  6 gnolls
  3 adders
  An ufetubus (D:3)
  A worm (D:3)
  A dart slug (D:3)
  30 orcs
  7 ball pythons
  10 endoplasms
  A giant cockroach (D:1)
  4 goblins
  7 hobgoblins
  4 jackals
  3 quokkas
  3 bats
  2 frilled lizards
  18 kobolds
  4 rats
174 creatures vanquished.

Vanquished Creatures (others)
  An ogre (D:5)
  22 plants
23 creatures vanquished.

Grand Total: 197 creatures vanquished

Notes
Turn   | Place    | Note
-------+----------+-------------------------------------------
     0 | D:1      | deusastra the Minotaur Fighter began the quest for the Orb.
     0 | D:1      | Reached XP level 1. HP: 19/19 MP: 0/0
    96 | D:1      | Reached XP level 2. HP: 11/27 MP: 1/1
   806 | D:1      | Reached XP level 3. HP: 33/33 MP: 2/2
  1194 | D:2      | Found Obritawk's Jewellery Emporium.
  1693 | D:3      | Reached XP level 4. HP: 41/41 MP: 3/3
  1898 | D:3      | Noticed Ijyb
  1912 | D:3      | Killed Ijyb
  2519 | D:3      | Reached skill level 5 in Fighting
  2519 | D:3      | Reached XP level 5. HP: 31/48 MP: 4/4
  2748 | D:4      | Found a staircase to the Ecumenical Temple.
  2761 | Temple   | Entered the Ecumenical Temple
  2818 | Temple   | Became a worshipper of Gozag Ym Sagoz the Greedy
  3011 | D:4      | Noticed a centaur
  3025 | D:5      | Entered Level 5 of the Dungeon
  3182 | D:3      | Reached skill level 5 in Armour
  3485 | D:4      | Reached XP level 6. HP: 56/56 MP: 5/5
  3572 | D:4      | Found a sacrificial altar of Ru.
  4138 | D:5      | Reached skill level 5 in Long Blades
  4245 | D:5      | Noticed a sky beast
  4263 | D:5      | Killed a sky beast
  4264 | D:5      | Reached XP level 7. HP: 22/63 MP: 6/6
  4802 | D:5      | Noticed Blork the orc
  4818 | D:5      | Killed Blork the orc
  4819 | D:5      | Reached skill level 5 in Shields
  6014 | D:6      | Reached XP level 8. HP: 62/73 MP: 7/7
  6226 | D:6      | Found a hide-covered altar of Uskayaw.
  7711 | D:8      | Noticed Maggie
  7816 | D:7      | Reached XP level 9. HP: 81/82 MP: 8/8
  8484 | D:8      | Killed Maggie
  9061 | D:8      | Found a broken altar of Ashenzari.
  9074 | D:8      | Found a blossoming altar of Fedhas.
  9442 | D:9      | You fall into a shaft and drop 1 floor!
  9442 | D:10     | Entered Level 10 of the Dungeon
  9495 | D:10     | Identified the +11 dagger "Azoh" {vamp, Int+4 Stlth+}
  9525 | D:10     | Found an ancient bone altar of Kikubaaqudgha.
  9533 | D:10     | Found an ornate altar of the Wu Jian Council.
 10048 | D:10     | Noticed a komodo dragon
 10160 | D:10     | Found a runed translucent door.
 10166 | D:10     | Noticed a fire crab
 10479 | D:10     | Found a portal to a secret trove of treasure.
 10657 | D:10     | Found a sparkling altar of Nemelex Xobeh.
 10657 | D:10     | Found a bloodstained altar of Trog.
 10817 | D:11     | Noticed Grum
 10820 | D:11     | Found Uwe Zul's Distillery.
 10840 | D:10     | Reached XP level 10. HP: 60/93 MP: 9/9
 10850 | D:10     | Reached skill level 10 in Fighting
 11014 | D:11     | Noticed a two-headed ogre
 11024 | D:10     | Killed a two-headed ogre
 11025 | D:10     | Reached skill level 10 in Armour
 11213 | D:11     | Reached skill level 10 in Long Blades
 11217 | D:11     | Noticed a harpy
 11220 | D:11     | Noticed a cane toad
 11434 | D:11     | Cast into level 1 of the Abyss (Grum)
 11467 | Abyss:1  | Noticed an orange demon
 11492 | Abyss:1  | Noticed a smoke demon
 11493 | Abyss:1  | Noticed a phantasmal warrior
 11495 | Abyss:1  | Noticed a thrashing horror
 11518 | Abyss:1  | Noticed a wretched star
 11527 | Abyss:1  | Noticed a green death
 11528 | Abyss:1  | Noticed a wretched star
 11535 | Abyss:1  | HP: 4/94 [phantasmal warrior (23)]
 11537 | Abyss:1  | Demolished by a phantasmal warrior

Illustrated notes

Levels and vault maps discovered:
D:1:      minmay_arrival_open_corners, layout_basic
D:2:      layout_basic, serial_shops, shop, kennysheep_big_empty_room
D:3:      layout_rooms, kennysheep_cross_room, uniq_ijyb
D:4:      layout_cave_pods, nicolae_ru_awakened_eye, minmay_temple_entry_glass,
          serial_bayou_crossing
D:5:      layout_basic, hangedman_decor_lopped, ldierk_geyser,
          uniq_blork_the_orc
D:6:      layout_basic, lemuel_round_altar
D:7:      layout_cave_pods
D:8:      layout_cave_pools, mainiacjoe_overflow_big_doors, due_unseen_surprise,
          uniq_maggie
D:9:      layout_loops_ring, dpeg_oklobed_lair
D:10:     gammafunk_mikee_crab_dinner, layout_stronghold,
          gammafunk_temple_overflow_statue, mainiacjoe_overflow_catwalk_spiral,
          enter_trove_6, hex_tiny
D:11:     layout_rooms, serial_shops, shop, serial_bayou, serial_bayou_lagoon_b,
          serial_bayou_pond_a, serial_bayou_ford_a, serial_bayou_shore_b,
          serial_bayou_shore_b, okawaru_altar_gauntlet_db, uniq_grum
D:12:     layout_loops_ring, minmay_orc_entry_temple_large
Temple:   zaba_magenta_temple
Abyss:1:  base:
Temple

Skill      XL: |  1  2  3  4  5  6  7  8  9 10 |
---------------+-------------------------------+-----
Fighting       | 4 5 6 7 8 9 10 | 10.5
Armour         | 4 5 6 7 8 9 10 | 10.5
Long Blades    | 3 4 5 6 7 9 10 | 10.1
Shields        | 4 5 6 7 |  7.9

Action                   |  1- 3 |  4- 6 |  7- 9 | 10-12 || total
-------------------------+-------+-------+-------+-------++-------
Melee: Long sword        |    98 |   116 |   332 |    51 ||   597
       Headbutt          |    14 |    34 |    73 |    19 ||   140
Throw: Stone             |       |     6 |    54 |     3 ||    63
Evoke: Wand              |       |       |     1 |       ||     1
  Use: Scroll            |       |     1 |     2 |     2 ||     5
       Potion            |       |     2 |       |     2 ||     4
Armor: Scale mail        |    51 |    14 |       |       ||    65
       Chain mail        |       |    54 |   170 |    41 ||   265
Dodge: Dodged            |    26 |    33 |    61 |    17 ||   137
Block: Kite shield       |    53 |    64 |   220 |    58 ||   395
       Rpst.: Long sword |     4 |     4 |    15 |     6 ||    29
